 Dungeon Crawl Stone Soup version 0.21.1-1-g345015f (webtiles) character file.

65 zishaf the Cudgeler (level 4, 26/28 HPs)
             Began as a Gargoyle Fighter on May 15, 2018.
             Quit the game on level 2 of the Dungeon.
             The game lasted 00:01:57 (1705 turns).

zishaf the Cudgeler (Gargoyle Fighter)              Turns: 1705, Time: 00:01:57

Health: 26/28      AC: 10    Str: 19    XL:     4   Next: 14%
Magic:  4/4        EV:  7    Int:  9    God:
Gold:   73         SH:  9    Dex: 10    Spells: 3/3 levels left

rFire    . . .     SeeInvis .   a - +0 flail
rCold    + . .     Gourm    .   c - +0 shield
rNeg     + . .     Faith    .   b - +0 scale mail
rPois    ∞         Spirit   .   (no helmet)
rElec    +         Reflect  .   (no cloak)
rCorr    .         Harm     .   (no gloves)
MR       .....                  (no boots)
Stlth    ..........             (no amulet)
HPRegen  0.09/turn              e - ring of wizardry
MPRegen  0.09/turn              i - ring of protection from cold

@: no status effects
A: negative energy resistance 1, electricity resistance, unbreathing,
petrification resistance, rot immunity, AC +3
a: no special abilities


You were on level 2 of the Dungeon.
You were hungry.

You visited 1 branch of the dungeon, and saw 3 of its levels.

You collected 73 gold pieces.

Inventory:

Hand Weapons
 a - a +0 flail (weapon)
Armour
 b - a +0 scale mail (worn)
 c - a +0 shield (worn)
Jewellery
 e - a ring of wizardry (left hand)
 i - a ring of protection from cold (right hand)
Scrolls
 h - 2 scrolls of enchant weapon {unknown}
 k - a scroll of amnesia {unknown}
 l - 2 scrolls of magic mapping {unknown}
 m - a scroll of identify {unknown}
 o - a scroll of fog {unknown}
Potions
 d - a potion of might
 g - a potion of curing {unknown}
 j - a potion of heal wounds {unknown}
Comestibles
 f - 4 rations
 n - 6 chunks of flesh


   Skills:
 - Level 3.2 Fighting
 + Level 4.3 Maces & Flails
 - Level 3.2 Armour
 - Level 3.2 Shields


You had 3 spell levels left.
You didn't know any spells.

Dungeon Overview and Level Annotations

Branches:
Dungeon (3/15)

Altars:


Innate Abilities, Weirdness & Mutations

You are resistant to torment.
Your stone body is resilient. (AC +3)
You are immune to poison.
You resist negative energy. (rN+)
You are resistant to electric shocks. (rElec)
You can survive without breathing.
You are immune to petrification.
You are immune to rotting.


Message History

a whip; a ring mail; an orc corpse You hit the adder.
The adder is moderately wounded.
You block the adder's attack. The adder bites you but does no damage.
You sock the adder!
You kill the adder!
You have reached level 4!
You feel clever.
You see here an adder corpse.
You butcher the adder corpse.
n - 2 chunks of flesh
Things that are here:
a whip; a ring mail; an orc corpse You butcher the orc corpse.
n - 6 chunks of flesh (gained 4)
Things that are here:
a whip; a ring mail
There is a stone staircase leading down here.
You see here a dagger.
Are you sure you want to abandon this character and quit the game? (Confirm with "yes".)

# #.# ### #####.#### #### ..#
#........# #... #.#
########.###.##.# #.## ..####
#........###.##.# #.# .....#
#.#####..##...#.#####.## .###.#
#.##.................... ...#.#
#.##.##..##...#.#####.## ...#.#
#......@.###.##.# #... ...#.#
##.#..>#.###.##.# #### ...#.#
#.###).#........# # ...#.#
##.#...#####'#### #### .###.#
#.....# ##...## #... .....#
##.######.....## #.## .#####
##..# ##.......## #..#
.#########...####.........####...
................'.........'......


There were no monsters in sight!

Vanquished Creatures
  3 adders (D:2)
  2 worms (D:2)
  A leopard gecko (D:1)
  2 orcs (D:2)
  6 bats
  A giant cockroach (D:2)
  5 hobgoblins
  3 kobolds (D:1)
  A frilled lizard (D:1)
  2 goblins
  6 rats
32 creatures vanquished.

Notes
Turn   | Place    | Note
-------+----------+-------------------------------------------
     0 | D:1      | zishaf the Gargoyle Fighter began the quest for the Orb.
     0 | D:1      | Reached XP level 1. HP: 14/14 MP: 1/1
   225 | D:1      | Reached XP level 2. HP: 13/19 MP: 2/2
   403 | D:1      | Reached skill level 3 in Maces & Flails
   880 | D:2      | Reached XP level 3. HP: 23/23 MP: 3/3
  1239 | D:2      | Reached skill level 4 in Maces & Flails
  1696 | D:2      | Reached XP level 4. HP: 25/28 MP: 4/4
  1705 | D:2      | Quit the game

Skill      XL: |  1  2  3 |
---------------+----------+-----
Maces & Flails | 3 4 |  4.3
Fighting       | |  3.2
Armour         | |  3.2
Shields        | |  3.2

Action                   |  1- 3 |  4- 6 || total
-------------------------+-------+-------++-------
Melee: Flail             |   111 |       ||   111
  Eat: Chunk             |     2 |       ||     2
Armor: Scale mail        |    55 |       ||    55
Dodge: Dodged            |    39 |       ||    39
Block: Shield            |    73 |       ||    73
